 Dungeon Crawl Stone Soup version 0.25-a0-547-g27a0b5d (webtiles) character file.

Game seed: 14645715124727597609, levelgen mode: deterministic

46 b5mith the Skirmisher (level 3, -2/34 HPs)
             Began as a Minotaur Wanderer on Feb 22, 2020.
             Slain by a gnoll
             ... wielding a cursed +0 spear
              (9 damage)
             ... on level 3 of the Dungeon.
             The game lasted 00:04:13 (1240 turns).

b5mith the Skirmisher (Minotaur Wanderer)           Turns: 1240, Time: 00:04:14

Health: -2/34      AC:  8    Str: 17    XL:     3   Next: 44%
Magic:  2/2        EV:  9    Int: 11    God:
Gold:   66         SH:  0    Dex:  7    Spells: 2/2 levels left

rFire    . . .     SeeInvis .   a - +0 spear
rCold    . . .     Gourm    .   (no shield)
rNeg     . . .     Faith    .   b - +2 scale mail
rPois    .         Spirit   .   (helmet restricted)
rElec    .         Reflect  .   (no cloak)
rCorr    .         Harm     .   (no gloves)
MR       .....                  (no boots)
Stlth    ..........             (no amulet)
HPRegen  0.11/turn              (no ring)
MPRegen  0.08/turn              (no ring)

@: no status effects
A: retaliatory headbutt, horns 2
a: no special abilities


You were on level 3 of the Dungeon.
You were not hungry.

You visited 1 branch of the dungeon, and saw 3 of its levels.

You collected 66 gold pieces.

Inventory:

Hand Weapons
 a - a +0 spear (weapon)
Armour
 b - a +2 scale mail (worn)
Scrolls
 e - a scroll of remove curse {unknown}
 h - a scroll of identify {unknown}
 i - a scroll of enchant weapon {unknown}
Potions
 c - a potion of curing {@q1}
 g - a potion of heal wounds {unknown}
Comestibles
 d - 6 rations


   Skills:
 + Level 4.6 Fighting
   Level 1.2 Maces & Flails
 - Level 1.2 Polearms
 - Level 2.0 Throwing
 - Level 1.2 Armour
 - Level 1.1 Dodging
 + Level 2.2 Stealth


You had 2 spell levels left.
You didn't know any spells.
Your spell library contained the following spells:

 Spells                   Type           Power        Failure   Level  Hunger
 Sting                    Tmut/Pois      #...         77%         1    ##.....
 Poisonous Vapours        Pois/Air       #.....       88%         2    ###....
 Ignite Poison            Fire/Tmut/Pois #.......     98%         3    ####...
 Mephitic Cloud           Conj/Pois/Air  #.......     98%         3    ####...
 Olgreb's Toxic Radiance  Pois           #.......     100%        4    #####..


Dungeon Overview and Level Annotations

Branches:
Dungeon (2/15)

Altars:


Innate Abilities, Weirdness & Mutations

You reflexively headbutt those who attack you in melee.
You have a pair of horns on your head.


Message History

Attack whom?
Press: ? - help, Dir - move target cursor, f - gnoll
Aim: a gnoll, wielding a +0 halberd You reach to attack!
You hit the gnoll.
The gnoll is heavily wounded.
The gnoll hits you from afar with a +0 halberd!
* * * LOW HITPOINT WARNING * * *
Attack whom?
Press: ? - help, Dir - move target cursor, f/p - gnoll
Aim: a gnoll, wielding a +0 halberd (heavily wounded)
You reach to attack!
You hit the gnoll.
The gnoll is almost dead.
The gnoll misses you.
Attack whom?
Press: ? - help, Dir - move target cursor, f/p - gnoll
Aim: a gnoll, wielding a +0 halberd (almost dead)
You reach to attack!
You hit the gnoll but do no damage.
The gnoll is almost dead.
Attack whom?
Press: ? - help, Dir - move target cursor, f - gnoll
Aim: a gnoll, wielding a +0 spear You reach to attack!
You hit the gnoll.
The gnoll is lightly wounded.
Attack whom?
Press: ? - help, Dir - move target cursor, f/p - gnoll
Aim: a gnoll, wielding a +0 spear (lightly wounded)
You reach to attack!
You hit the gnoll.
The gnoll is heavily wounded.
The gnoll closely misses you. The gnoll barely misses you.
Attack whom?
Press: ? - help, Dir - move target cursor, f/p - gnoll
Aim: a gnoll, wielding a +0 spear (heavily wounded)
You reach to attack!
Your scale mail prevents you from hitting the gnoll.
The gnoll is heavily wounded.
The gnoll hits you from afar with a cursed +0 spear.
* * * LOW HITPOINT WARNING * * *
Attack whom?
Press: ? - help, Dir - move target cursor, f/p - gnoll
Aim: a gnoll, wielding a +0 spear (heavily wounded)
You reach to attack!
You closely miss the gnoll.
The gnoll is heavily wounded.
The gnoll completely misses you.
Attack whom?
Press: ? - help, Dir - move target cursor, f/p - gnoll
Aim: a gnoll, wielding a +0 spear (heavily wounded)
You reach to attack!
You completely miss the gnoll.
The gnoll is heavily wounded.
The gnoll hits you from afar with a cursed +0 spear!
You die...

### #.%
#.# #.#
#@# #.#
#.g...g..
###....%.
.#.##. .
# .. .#
>#


You could see a gnoll.

Vanquished Creatures
  A gnoll (D:3)
  An ooze (D:1)
  A worm (D:2)
  2 dart slugs
  A ball python (D:1)
  3 goblins
  5 hobgoblins
  A bat (D:1)
  2 frilled lizards (D:1)
  5 kobolds
  2 rats (D:1)
24 creatures vanquished.

Vanquished Creatures (others)
  3 toadstools (D:3)
3 creatures vanquished.

Grand Total: 27 creatures vanquished

Notes
Turn   | Place    | Note
-------+----------+-------------------------------------------
     0 | D:1      | b5mith the Minotaur Wanderer began the quest for the Orb.
     0 | D:1      | b5mith set off with the following items: a +0 spear, a +2
                  | scale mail, a potion of curing {@q1}, a ration
     0 | D:1      | Reached XP level 1. HP: 19/19 MP: 0/0
   148 | D:1      | Reached skill level 4 in Fighting
   148 | D:1      | Reached XP level 2. HP: 27/27 MP: 1/1
   850 | D:2      | Reached XP level 3. HP: 34/34 MP: 2/2
  1218 | D:2      | You fall into a shaft and drop 1 floor!
  1240 | D:3      | Slain by a gnoll

Levels and vault maps discovered:
D:1:      dpeg_arrival_signposts, layout_basic
D:2:      layout_loops_corners
D:3:      layout_loops_cross, minmay_gold_behind_fungi, uniq_jessica

Skill      XL: |  1  2 |
---------------+-------+-----
Fighting       | 4 |  4.6
Stealth        | 2 |  2.2
Maces & Flails | |  1.2
Polearms       | |  1.2
Throwing       | |  2.0
Armour         | |  1.2
Dodging        | |  1.1

Action                   || total
-------------------------++-------
Melee: Spear             ||    91
       Headbutt          ||     8
  Eat: Chunk             ||     1
Armor: Scale mail        ||    16
Dodge: Dodged            ||    23

Table legend:
 A = Non-vault XP
 B = Vault XP
 C = Vault XP percentage of total XP
 D = Non-vault monster count
 E = Vault monster count
 F = Vault count percentage of total count
                 A         B        C        D         E       F
            +---------+---------+-------+---------+---------+-------
      Total |      66 |       0 |   0.0 |      24 |       0 |   0.0
            +---------+---------+-------+---------+---------+-------
        D:1 |      35 |       0 |   0.0 |      17 |       0 |   0.0
        D:2 |      14 |       0 |   0.0 |       5 |       0 |   0.0
        D:3 |      17 |       0 |   0.0 |       2 |       0 |   0.0
            +---------+---------+-------+---------+---------+-------
